 Dungeon Crawl Stone Soup version bcrawl-1.12.2 (webtiles) character file.

Game seed: 15136958155575744573

51 Ebbett the Ducker (level 3, -4/35 HPs)
             Began as a Gnoll Reaver on July 22, 2019.
             Was a Follower of Vehumet.
             Killed by divine providence
             ... invoked by an orc priest
              (14 damage)
             ... on level 3 of the Dungeon.
             The game lasted 00:13:51 (1472 turns).

Ebbett the Ducker (Gnoll Reaver)                    Turns: 1472, Time: 00:13:51

Health: -4/35      AC:  5    Str: 13 (14) XL:     3   Next: 83%
Magic:  9/9        EV: 13    Int: 14 (16) God:    Vehumet [*.....]
Gold:   149        SH:  1    Dex: 12 (13) Spells: 12/12 levels left

rFire    . . .     SeeInvis .   a - +0 long sword
rCold    . . .     Gourm    +   (no shield)
rNeg     . . .     Faith    .   o - +0 ring mail
rPois    .         Spirit   .   (no helmet)
rElec    .         Reflect  .   (no cloak)
rCorr    .         Harm     .   (no gloves)
MR       .....                  (no boots)
Stlth    +.........             m - amulet of the gourmand
HPRegen  0.11/turn              (no ring)
MPRegen  0.11/turn              (no ring)

@: no status effects
A: distributed training, fangs 1, strong nose
a: Renounce Religion


You were on level 3 of the Dungeon.
You worshipped Vehumet.
Vehumet was aware of your devotion.
You were not hungry.

You visited 1 branch of the dungeon, and saw 3 of its levels.

You collected 149 gold pieces.

Inventory:

Hand Weapons
 a - a +0 long sword (weapon)
 q - a +0 hunting sling
Missiles
 j - 665 stones (quivered)
Armour
 b - +0 steam dragon scales
 k - a +0 robe
 o - a +0 ring mail (worn)
Jewellery
 m - an amulet of the gourmand (around neck)
Wands
 g - a wand of paralysis (6)
Scrolls
 d - a scroll of immolation
 h - 3 scrolls of identify {unknown}
 i - a scroll of fear {unknown}
 l - a scroll of remove curse {unknown}
 n - 2 scrolls of teleportation {unknown}
 p - a scroll of amnesia {unknown}
Potions
 c - a potion of haste
 e - 2 potions of curing {unknown}
 r - a potion of resistance {unknown}
Comestibles
 f - 5 rations {!d}


   Skills:
 + Level 6.5 Fighting
 + Level 0.9 Short Blades
 + Level 6.5 Long Blades
 + Level 0.9 Axes
 + Level 0.9 Maces & Flails
 + Level 0.9 Polearms
 + Level 0.9 Staves
 + Level 0.9 Slings
 + Level 0.9 Bows
 + Level 0.9 Crossbows
 + Level 0.9 Throwing
 + Level 0.9 Armour
 + Level 6.5 Dodging
 + Level 0.9 Stealth
 + Level 0.9 Shields
 + Level 0.9 Unarmed Combat
 + Level 5.0 Spellcasting
 + Level 0.6 Conjurations
 + Level 0.6 Hexes
 + Level 0.6 Charms
 + Level 0.6 Summonings
 + Level 0.6 Necromancy
 + Level 0.6 Translocations
 + Level 0.6 Transmutations
 + Level 0.6 Fire Magic
 + Level 0.6 Ice Magic
 + Level 0.6 Air Magic
 + Level 0.6 Earth Magic
 + Level 0.6 Poison Magic
 + Level 1.0 Invocations
 + Level 0.9 Evocations


You had 12 spell levels left.
You didn't know any spells.
Your spell library contained the following spells:

 Spells                   Type           Power        Failure   Level  Hunger
 Shock                    Conj/Air       #....        28%         1    None
 Iskenderun's Battlesphe  Conj/Chrm      #.......     100%        5    ######.


Dungeon Overview and Level Annotations

Branches:
Dungeon (3/12)

Altars:
Nemelex Xobeh


Innate Abilities, Weirdness & Mutations

Your experience applies equally to all skills.
You have very sharp teeth.
Your uncanny sense of smell can sniff out nearby items.


Message History

You bite the orc priest, but do no damage.
The orc priest is almost dead.
You slash the orc!
You kill the orc!
Vehumet accepts your kill.
The orc wizard points at you and mumbles some strange words.
The magic dart hits you!
* * * LOW HITPOINT WARNING * * *
The goblin hits you but does no damage.
You closely miss the orc priest.
The orc priest is almost dead.
The goblin barely misses you. The orc priest barely misses you.
The orc wizard closely misses you.
You hit the orc priest.
You bite the orc priest, but do no damage.
The orc priest is almost dead.
The orc wizard misses you. The goblin completely misses you.
The orc priest calls down the wrath of Beogh upon you.
Beogh smites you!
You die...

. ...#. .♣.
##.♣.. ....
#....
#...###...#
#....#....#
#.....).#
#.<.♣.<.#
#....oog##
#....#.@..#
#... ##...#
... #.)..#
.♣ ##.♣.+
...# #.##
.. ###


You could see an orc priest, an orc wizard and a goblin.

Vanquished Creatures
  2 worms
  2 dart slugs (D:2)
  3 leopard geckos (D:2)
  2 orcs (D:3)
  A ball python (D:2)
  3 bats (D:1)
  3 giant cockroaches
  A hobgoblin (D:1)
  4 jackals (D:2)
  2 kobolds (D:2)
  4 frilled lizards
  5 goblins
  A rat (D:1)
33 creatures vanquished.

Notes
Turn   | Place    | Note
-------+----------+-------------------------------------------
     0 | D:1      | Ebbett the Gnoll Reaver began the quest for the Orb.
     0 | D:1      | Reached XP level 1. HP: 23/23 MP: 6/6
   175 | D:1      | Reached XP level 2. HP: 29/29 MP: 7/7
   776 | D:2      | Reached XP level 3. HP: 29/35 MP: 9/9
   782 | D:2      | Reached * piety under Vehumet
   782 | D:2      | Offered knowledge of Shock by Vehumet.
   788 | D:2      | Reached skill level 5 in Spellcasting
  1060 | D:2      | Found a sparkling altar of Nemelex Xobeh.
  1233 | D:2      | Reached skill level 1 in Invocations
  1472 | D:3      | Killed from afar by an orc priest

Skill      XL: |  1  2  3 |
---------------+----------+-----
Spellcasting   | 5 |  5.0
Invocations    | 1 |  1.0
Fighting       | |  6.5
Short Blades   | |  0.9
Long Blades    | |  6.5
Axes           | |  0.9
Maces & Flails | |  0.9
Polearms       | |  0.9
Staves         | |  0.9
Slings         | |  0.9
Bows           | |  0.9
Crossbows      | |  0.9
Throwing       | |  0.9
Armour         | |  0.9
Dodging        | |  6.5
Stealth        | |  0.9
Shields        | |  0.9
Unarmed Combat | |  0.9
Conjurations   | |  0.6
Hexes          | |  0.6
Charms         | |  0.6
Summonings     | |  0.6
Necromancy     | |  0.6
Translocations | |  0.6
Transmutations | |  0.6
Fire Magic     | |  0.6
Ice Magic      | |  0.6
Air Magic      | |  0.6
Earth Magic    | |  0.6
Poison Magic   | |  0.6
Evocations     | |  0.9

Action                   || total
-------------------------++-------
Melee: Long sword        ||   121
       Bite              ||     4
Throw: Stone             ||     2
  Use: Potion            ||     1
 Stab: Sleeping          ||     1
  Eat: Chunk             ||     4
Armor: Steam dragon scal ||    27
       Ring mail         ||    11
Dodge: Dodged            ||   125
Block: Other             ||     5
